 Dungeon Crawl Stone Soup version 0.28-a0-1356-g2ad6d04315 (webtiles) character file.

Game seed: 6960177948214929148

458 Charmandara the Chopper (level 7, 0/59 HPs)
             Began as a Gnoll Cinder Acolyte on Dec 31, 2021.
             Was an Elder of Ignis.
             Slain by Duvessa (7 damage)
             ... on level 4 of the Dungeon.
             The game lasted 00:14:57 (3392 turns).

Charmandara the Chopper (Gnoll Cinder Acolyte)      Turns: 3392, Time: 00:14:58

Health: 0/59       AC: 11    Str: 17    XL:     7   Next: 6%
Magic:  22/22      EV: 12    Int: 13    God:    Ignis [****..]
Gold:   661        SH:  0    Dex: 11    Spells: 13/13 levels left

rFire   + . .      SeeInvis .   k - +6 long sword "Cutibiat" {flame, rPois Str+2}
rCold   + . .      Faith    .   (no shield)
rNeg    . . .      Spirit   .   h - +1 leather armour {rC+}
rPois   +          Reflect  .   (no helmet)
rElec   .          Harm     .   (no cloak)
rCorr   .          Rampage  .   (no gloves)
Will    .....                   (no boots)
Stlth   ++........              a - amulet of Aluih {RegenMP Contam MP+9 Dex+3}
HPRegen 0.19/turn               (no ring)
MPRegen 0.58/turn               (no ring)

@: fiery-armoured
A: fangs 1, strong nose, distributed training, high mp 1, mutation resistance 1,
subdued magic 1
a: Renounce Religion, Fiery Armour, Foxfire Swarm, Rising Flame


You were on level 4 of the Dungeon.
You worshipped Ignis.
Ignis was greatly pleased with you.
You visited 1 branch of the dungeon, and saw 4 of its levels.

You collected 661 gold pieces.

Inventory:

Hand Weapons
 k - the +6 long sword "Cutibiat" (weapon) {flame, rPois Str+2}
   (You found it on level 2 of the Dungeon)

   It burns those it strikes, dealing additional fire damage.
   Big, fiery blades are also staple armaments of hydra-hunters.
   Str:       It affects your strength (+2).
   rPois:     It protects you from poison.
Missiles
 e - 16 sling bullets
 l - 17 poisoned darts
 n - 3 throwing nets {!d}
 o - 20 bolts
 s - 52 stones (quivered)
 u - 35 arrows
 v - 2 javelins
Armour
 h - a +1 leather armour of cold resistance (worn)
   (You found it on level 2 of the Dungeon)
Magical Staves
 t - a staff of earth
   (You found it on level 3 of the Dungeon)
Jewellery
 a - the amulet of Aluih (around neck) {RegenMP Contam MP+9 Dex+3}
   (You found it on level 2 of the Dungeon)

   [amulet of magic regeneration]

   It increases your rate of magic regeneration.
   Dex:       It affects your dexterity (+3).
   MP:        It affects your magic capacity (+9).
   Contam:    It causes magical contamination when unequipped.
 i - a +6 ring of dexterity
   (You took it off a goblin on level 4 of the Dungeon)
 j - a ring of flight {+Fly, !d}
   (You found it on level 2 of the Dungeon)
Scrolls
 d - 2 scrolls of enchant weapon
 g - a scroll of brand weapon {unknown}
 Y - a scroll of teleportation {@r3}
Potions
 f - a potion of attraction {!q}
 J - a potion of curing {@q1}
 M - 3 potions of might


   Skills:
 + Level 6.9 Fighting
 + Level 2.2 Short Blades
 + Level 2.2 Long Blades
 + Level 6.9 Axes
 + Level 2.2 Maces & Flails
 + Level 2.2 Polearms
 + Level 2.2 Staves
 + Level 2.2 Slings
 + Level 2.2 Bows
 + Level 2.2 Crossbows
 + Level 2.2 Throwing
 + Level 2.2 Armour
 + Level 2.2 Dodging
 + Level 2.2 Stealth
 + Level 2.2 Shields
 + Level 2.2 Unarmed Combat
 + Level 3.6 Spellcasting
 + Level 1.8 Conjurations
 + Level 1.8 Hexes
 + Level 1.8 Summonings
 + Level 1.8 Necromancy
 + Level 1.8 Translocations
 + Level 1.8 Transmutations
 + Level 5.7 Fire Magic
 + Level 1.8 Ice Magic
 + Level 1.8 Air Magic
 + Level 1.8 Earth Magic
 + Level 1.8 Poison Magic
 + Level 2.5 Invocations
 + Level 2.2 Evocations


You had 13 spell levels left.
You didn't know any spells.
Your spell library contained the following spells:

 Spells                   Type           Power      Damage    Failure   Level
 Scorch                   Fire           26%        2d6       2%          2
 Petrify                  Tmut/Erth      5%         N/A       73%         4
 Metabolic Englaciation   Hex/Ice        2%         N/A       97%         5
 Statue Form              Tmut/Erth      3%         N/A       100%        6


Dungeon Overview and Level Annotations

Branches:
Dungeon (4/15)
 Temple: D:4-7

Altars:
Elyvilon

Annotations:
D:4 Duvessa


Innate Abilities, Weirdness & Mutations

You have very sharp teeth.
Your uncanny sense of smell can sniff out nearby items.
Your experience applies equally to all skills.
You have an increased reservoir of magic. (+10% MP)
You are somewhat resistant to further mutation.
Your spells are a little easier to cast, but a little less powerful.


Message History

Found a stone staircase leading down.
The ball python bites you but does no damage.
The ball python misses you.
You hear a shout!
The ball python bites you but does no damage.
The ball python completely misses you.
You slash the ball python! You burn the ball python.
You kill the ball python!
You hear a shout!
c - a scroll labelled KYHAGHY SOSO You hear a shout!
Unknown command.
Unknown command.
You hear a shout!
You hear a shout!
You hear a shout! x2
The goblin shouts! x2
The goblin unwields a +0 dagger.
The goblin wields a +0 hunting sling.
The goblin shoots a stone.
The stone barely misses you.
You hear a shout!
A quokka, a jelly and an orc come into view.
Duvessa shouts!
The jelly quivers.
You hear a shout!
A goblin comes into view. It is wielding a +0 dagger.
An ufetubus comes into view.
The goblin shoots a stone.
The stone completely misses you.
The orc shouts!
The ufetubus shouts!
Duvessa hits you with a +0 short sword!
You take 12 damage, and have 43/59 hp.
MASSIVE DAMAGE!!
Unknown command.
Okay, then.
Okay, then.
Okay, then.
Okay, then.
As you read the scroll labelled WAW VIYNALA, it crumbles to dust.
You feel aware of your surroundings.
You sensed 2 altars.
It was a scroll of magic mapping.
Duvessa hits you with a +0 short sword! The goblin hits you but does no damage.
You take 11 damage, and have 32/59 hp.
As you read the scroll labelled KYHAGHY SOSO, it crumbles to dust.
You assume a fearsome visage.
Duvessa is unaffected.
The orc looks frightened!
The goblin looks frightened!
The quokka looks frightened!
The ufetubus looks frightened!
The jelly looks frightened!
The goblin looks frightened! x2; It was a scroll of fear.
Duvessa hits you with a +0 short sword. Duvessa hits you with a +0 short sword!
* * * LOW HITPOINT WARNING * * *
You take 17 damage, and have 15/59 hp.
MASSIVE DAMAGE!!
Unknown command.
Okay, then.
A protective cloak of flame settles atop you.
Duvessa hits you but does no damage.
Unknown command.
Unknown command.
Okay, then.
Activating: Foxfire Swarm
Okay, then.
Activating: Foxfire Swarm Flames leap up around you!
Duvessa closely misses you.
The goblin pleads, "Why can't we all just get along?"
Duvessa hits you but does no damage.
Okay, then.
Unknown command.
Unknown command.
Unknown command.
The foxfire hits Duvessa but does no damage. x4
The foxfire hits Duvessa.
The foxfire hits Duvessa but does no damage. x3
The foxfire hits the quokka.
Your attack snaps the quokka out of its fear.
The foxfire hits Duvessa but does no damage.
The foxfire hits the goblin.
You kill the goblin!
The foxfire hits Duvessa but does no damage.
The foxfire hits the quokka but does no damage.
The foxfire hits Duvessa but does no damage.
The foxfire hits Duvessa. x3
The goblin shouts, "No!
I'll never do that again!"
The orc wails, "Oh dear!
Oh dear!"
Here: Duvessa, wielding a +0 short sword and wearing a +3 ring mail of poison resistance (lightly wounded, berserk, ally target)
The floor, spattered with blood.
Unknown command.
You hit Duvessa but do no damage. You bite Duvessa, but do no damage.
The foxfire hits Duvessa but does no damage.
Duvessa hits you with a +0 short sword!
* * * LOW HITPOINT WARNING * * *
Duvessa barely misses you.
You take 8 damage, and have 8/59 hp.
Unknown command.
You barely miss Duvessa. Duvessa hits you with a +0 short sword.
* * * LOW HITPOINT WARNING * * *
Duvessa is burned by your cloak of flames.
Duvessa misses you.
You take 1 damage, and have 7/59 hp.
Unknown command.
You closely miss Duvessa. Duvessa hits you but does no damage.
Duvessa hits you with a +0 short sword!
You die...

.##.###.........*,**,***,*****>*,
........#.......,,**,***,****,,*,
#.).####.....#.#,,,..#*..,,,,,**,
##..# #..#...#.#*,,..#,..,,,,,**,
##..###.##.>.#.#*,*..#.#,.,,,,,*,
##...##.##.....#***....#..,,,,,*,
###..##.##....#####.#.....,,,,,,,
..........................,,,,,,,
##..#<...####.#.@e........,,,,,**
#.##.##......#...........,,,,,**
*#..........###...........,,,<,,,
#...#.......# #.........##****,**
#.###.......# #..)........*******
##* #.......# #....#######,,,,,,,
######### #....#,,,,,,≈≈≈≈≈≈,
#....#,≈≈≈≈≈,,,,,≈,
###..#,≈,,,,****,≈,


You could see Duvessa (berserk).

Vanquished Creatures
  A scorpion (D:4)
  Dowan (D:4)
  2 hounds (D:4)
  A jelly (D:4)
  Natasha (twice) (D:2)
  An orc wizard (D:3)
  3 gnolls (D:3)
  7 adders
  2 adder skeletons (D:4)
  2 dart slugs
  5 orcs
  4 bats
  3 endoplasms
  4 giant cockroaches
  7 goblins
  10 hobgoblins
  7 jackals
  4 quokkas
  8 ball pythons
  2 frilled lizards
  5 kobolds
  3 rats (D:1)
84 creatures vanquished.

Vanquished Creatures (others)
  18 foxfires (D:4)
  A plant (D:1)
19 creatures vanquished.

Grand Total: 103 creatures vanquished

Notes
Turn   | Place    | Note
-------+----------+-------------------------------------------
     0 | D:1      | Charmandara the Gnoll Cinder Acolyte began the quest for
                  | the Orb.
     0 | D:1      | Reached XP level 1. HP: 23/23 MP: 4/4
     0 | D:1      | Wollwoll: (and there's a difference between chaotic and
                  | evil, he's extremely chaotic without necessarily being
                  | evil)
     0 | D:1      | Charmandara: exactly
     0 | D:1      | Charmandara: contradictory
     0 | D:1      | Charmandara: unpredictable
     0 | D:1      | Charmandara: those are the metrics of chaos
     0 | D:1      | Charmandara: unstable?
     9 | D:1      | Wollwoll: yeah basically...
    38 | D:1      | Wollwoll: last interlude there's a war going on between the
                  | Kingdom and the Empire, two major ingame powers
    38 | D:1      | Wollwoll: (A war which the MC started, incidentally)
    38 | D:1      | Charmandara: unsurprising
   100 | D:1      | Identified a scroll of acquirement
   100 | D:1      | Wollwoll: Absolutely Inviolable Area happens across the
                  | empire's invasion army and they ask him if he would be
                  | willing to guide them to the capital
   100 | D:1      | Wollwoll: because players are supposed to be neutral
   100 | D:1      | Wollwoll: the NPCs don't know them as players of course,
                  | but they're supposed to be people sent there by the gods or
                  | something
   100 | D:1      | Charmandara: jeez, d1 acquirement
   100 | D:1      | Charmandara: what to get
   100 | D:1      | Wollwoll: ah
   100 | D:1      | Wollwoll: those choices aren't... actually good?
   100 | D:1      | Charmandara: not really
   100 | D:1      | Charmandara: the book is meh
   100 | D:1      | Wollwoll: gold I guess
   100 | D:1      | Wollwoll: you really won't need rcorr
   100 | D:1      | Wollwoll: or a weapon
   100 | D:1      | Charmandara: staff of death could be decent as a gnoll
   100 | D:1      | Charmandara: but not for a while
   100 | D:1      | Wollwoll: you're a gnoll? I missed it
   100 | D:1      | Wollwoll: yeah
   100 | D:1      | Charmandara: gold is the least situational tho
   100 | D:1      | Charmandara: but what a mediocre amount
   100 | D:1      | Wollwoll: are you planning to go ranged?
   100 | D:1      | Wollwoll: because that's basically all hunter's good for
   100 | D:1      | Charmandara: only if the dungeon takes me there
   100 | D:1      | Wollwoll: right
   100 | D:1      | Wollwoll: so... gold isn't that bad
   100 | D:1      | Charmandara: gold it is
   100 | D:1      | Acquired 516 gold pieces
   115 | D:1      | Reached XP level 2. HP: 29/29 MP: 5/5
   118 | D:1      | Wollwoll: book of hunter would probably be cheaper than 500
                  | in any case
   123 | D:1      | Wollwoll: but anyway, Absolutely Inviolable Area happily
                  | agrees to lead the Empire's army to the Kingdom's capital
                  | for a fee
   442 | D:1      | Wollwoll: then on the way he notices that his karma has
                  | dropped by a whole fifty points because the empire is evil
                  | apparently
   531 | D:1      | Found a faded altar of an unknown god.
   577 | D:2      | Wollwoll: so he turns around and singlehandedly slaughters
                  | them all
   577 | D:2      | Wollwoll: while they gape in confusion
   577 | D:2      | Reached XP level 3. HP: 35/35 MP: 7/7
   577 | D:2      | Charmandara: hahaha
   822 | D:2      | Reached skill level 1 in Invocations
   970 | D:2      | Reached skill level 1 in Short Blades
   970 | D:2      | Reached skill level 1 in Long Blades
   970 | D:2      | Reached skill level 1 in Maces & Flails
   970 | D:2      | Reached skill level 1 in Polearms
   970 | D:2      | Reached skill level 1 in Staves
   970 | D:2      | Reached skill level 1 in Slings
   970 | D:2      | Reached skill level 1 in Bows
   970 | D:2      | Reached skill level 1 in Crossbows
   970 | D:2      | Reached skill level 1 in Throwing
   970 | D:2      | Reached skill level 1 in Armour
   970 | D:2      | Reached skill level 1 in Dodging
   970 | D:2      | Reached skill level 1 in Stealth
   970 | D:2      | Reached skill level 1 in Shields
   970 | D:2      | Reached skill level 1 in Unarmed Combat
   970 | D:2      | Reached skill level 1 in Evocations
  1036 | D:2      | Found a white marble altar of Elyvilon.
  1045 | D:2      | Reached XP level 4. HP: 37/41 MP: 8/8
  1233 | D:2      | Identified the +6 long sword "Cutibiat" {flame, rPois
                  | Str+2}
  1275 | D:2      | Noticed Natasha
  1285 | D:2      | Killed Natasha
  1286 | D:2      | Reached skill level 3 in Spellcasting
  1286 | D:2      | Reached skill level 1 in Conjurations
  1286 | D:2      | Reached skill level 1 in Hexes
  1286 | D:2      | Reached skill level 1 in Summonings
  1286 | D:2      | Reached skill level 1 in Necromancy
  1286 | D:2      | Reached skill level 1 in Translocations
  1286 | D:2      | Reached skill level 1 in Transmutations
  1286 | D:2      | Reached skill level 1 in Ice Magic
  1286 | D:2      | Reached skill level 1 in Air Magic
  1286 | D:2      | Reached skill level 1 in Earth Magic
  1286 | D:2      | Reached skill level 1 in Poison Magic
  1290 | D:2      | Identified the amulet of Aluih {RegenMP Contam MP+9 Dex+3}
  1297 | D:2      | Charmandara: look at all these fun artefacts
  1475 | D:2      | Wollwoll: I know
  1616 | D:2      | Noticed Natasha
  1635 | D:2      | Killed Natasha
  1636 | D:2      | Reached XP level 5. HP: 40/47 MP: 9/9
  1931 | D:3      | Wollwoll: it's still unclear if the npcs are really
                  | completely AI lol
  2000 | D:3      | Wollwoll: because they seem to react realistically enough
                  | and we've gotten several chapters from NPC pov
  2080 | D:3      | Charmandara: maybe its like a tarkov situation where npcs
                  | can be played by players or be ai
  2080 | D:3      | Charmandara: so players don't know
  2176 | D:3      | Wollwoll: true
  2271 | D:3      | Wollwoll: I was thinking it might be one of those plots
                  | where it turns out the game is actually real in some form
                  | lol
  2653 | D:3      | Wollwoll: the genre is a bit cliche honestly, which is why
                  | this is fun
  2696 | D:4      | Wollwoll: like, all the amateur writers seem to flock to
                  | isekai or the like
  2701 | D:4      | Reached skill level 2 in Invocations
  2701 | D:4      | Reached XP level 6. HP: 48/53 MP: 11/11
  2751 | D:4      | Wollwoll: which gives them a bad name
  2770 | D:4      | Reached skill level 2 in Short Blades
  2770 | D:4      | Reached skill level 2 in Long Blades
  2770 | D:4      | Reached skill level 2 in Maces & Flails
  2770 | D:4      | Reached skill level 2 in Polearms
  2770 | D:4      | Reached skill level 2 in Staves
  2770 | D:4      | Reached skill level 2 in Slings
  2770 | D:4      | Reached skill level 2 in Bows
  2770 | D:4      | Reached skill level 2 in Crossbows
  2770 | D:4      | Reached skill level 2 in Throwing
  2770 | D:4      | Reached skill level 2 in Armour
  2770 | D:4      | Reached skill level 2 in Dodging
  2770 | D:4      | Reached skill level 2 in Stealth
  2770 | D:4      | Reached skill level 2 in Shields
  2770 | D:4      | Reached skill level 2 in Unarmed Combat
  2770 | D:4      | Reached skill level 2 in Evocations
  2887 | D:4      | Noticed Dowan
  2902 | D:4      | Wollwoll: vrmmo is kind of in the same line
  2915 | D:4      | Wollwoll: (the isekai harem syndrom is rather infamous, for
                  | example)
  2919 | D:4      | Gained mutation: Your spells are a little easier to cast,
                  | but a little less powerful. [potion of mutation]
  2919 | D:4      | Gained mutation: Your magical capacity is low. (-10% MP)
                  | [potion of mutation]
  2919 | D:4      | Gained mutation: You sometimes lose the ability to read
                  | scrolls when taking damage. [potion of mutation]
  2919 | D:4      | HP: 11/53 [Dowan (4)]
  2924 | D:4      | Killed Dowan
  2934 | D:3      | Charmandara: lolol
  2934 | D:3      | Charmandara: ohh harem syndrome
  2934 | D:3      | Charmandara: wish fulfillment in writing
  2934 | D:3      | Charmandara: i mean hey, it sells
  3106 | D:4      | Wollwoll: lol
  3129 | D:4      | Wollwoll: harem syndrome: wish fulfillment in writing
  3130 | D:4      | Wollwoll: isekai: wish fulfillment in writing
  3130 | D:4      | Wollwoll: litrpg: wish fulfillment in writing
  3133 | D:4      | Reached XP level 7. HP: 32/59 MP: 11/11
  3138 | D:4      | Wollwoll: ...must be why there are so many isekai harem
                  | litrpgs out there...
  3150 | D:4      | Lost mutation: Your magical capacity is low. (-10% MP)
                  | [potion of mutation]
  3150 | D:4      | Lost mutation: You sometimes lose the ability to read
                  | scrolls when taking damage. [potion of mutation]
  3150 | D:4      | Gained mutation: You have an increased reservoir of magic.
                  | (+10% MP) [potion of mutation]
  3150 | D:4      | Gained mutation: You are somewhat resistant to further
                  | mutation. [potion of mutation]
  3151 | D:4      | Charmandara: yuuuup
  3297 | D:4      | Noticed Duvessa
  3299 | D:4      | Wollwoll: so it's refreshing when I find something like
                  | this lol
  3331 | D:3      | Wollwoll: I don't dislike the genre, I just dislike 90% of
                  | the genre haha
  3331 | D:3      | Charmandara: totally
  3331 | D:3      | Charmandara: one can blend the horny into a narrative with
                  | more to offer
  3331 | D:3      | Wollwoll: yeah
  3331 | D:3      | Wollwoll: in this case there really isn't any romance which
                  | makes sense considering MC's personality
  3331 | D:3      | Wollwoll: and is also quite nice
  3331 | D:3      | Wollwoll: MC has been shown to be extremely random and also
                  | probably psychopathic lol
  3331 | D:3      | Wollwoll: there's this running gag where she can never
                  | remember anyone's name
  3331 | D:3      | Wollwoll: this poor guy named Hannes who's one of the top
                  | players gets PKed by her four times
  3331 | D:3      | Wollwoll: every time after the first he comes up to her and
                  | declares that he'll get revenge
  3331 | D:3      | Wollwoll: and she's confused because she doesn't recognize
                  | him
  3331 | D:3      | Wollwoll: the players in the forums find it hilarious
                  | because they can watch what goes on ingame
  3331 | D:3      | Wollwoll: the fourth time she finally remembers his name
                  | (barely) because he announces his name in a dramatic
                  | declaration of war and gives a fairly impressive fight
  3331 | D:3      | Charmandara: awww
  3331 | D:3      | Charmandara: Hannes is falling in hate love with MC
  3333 | D:4      | Charmandara: im making some soup so i have to keep getting
                  | up to stir it
  3342 | D:4      | Wollwoll: oh, of course
  3390 | D:4      | HP: 8/59 [Duvessa (8)]
  3392 | D:4      | Slain by Duvessa

Illustrated notes

Levels and vault maps discovered:
D:1:      eino_arrival_water_cross, layout_basic,
          chequers_ecumenical_altar_grove
D:2:      layout_basic, basic_altar, uniq_natasha
D:3:      layout_basic
D:4:      layout_rooms, nicolae_overflow_squiral, minmay_fractal_squares_5,
          uniq_duvessa

Skill      XL: |  1  2  3  4  5  6 |
---------------+-------------------+-----
Invocations    | 1 2 |  2.5
Short Blades   | 1 2 |  2.2
Long Blades    | 1 2 |  2.2
Maces & Flails | 1 2 |  2.2
Polearms       | 1 2 |  2.2
Staves         | 1 2 |  2.2
Slings         | 1 2 |  2.2
Bows           | 1 2 |  2.2
Crossbows      | 1 2 |  2.2
Throwing       | 1 2 |  2.2
Armour         | 1 2 |  2.2
Dodging        | 1 2 |  2.2
Stealth        | 1 2 |  2.2
Shields        | 1 2 |  2.2
Unarmed Combat | 1 2 |  2.2
Evocations     | 1 2 |  2.2
Spellcasting   | 3 |  3.6
Conjurations   | 1 |  1.8
Hexes          | 1 |  1.8
Summonings     | 1 |  1.8
Necromancy     | 1 |  1.8
Translocations | 1 |  1.8
Transmutations | 1 |  1.8
Ice Magic      | 1 |  1.8
Air Magic      | 1 |  1.8
Earth Magic    | 1 |  1.8
Poison Magic   | 1 |  1.8
Fighting       | |  6.9
Axes           | |  6.9
Fire Magic     | |  5.7

Action                   |  1- 3 |  4- 6 |  7- 9 || total
-------------------------+-------+-------+-------++-------
Melee: Hand axe          |    90 |     6 |       ||    96
       Bite              |     4 |     6 |     1 ||    11
       Long sword        |       |   111 |    16 ||   127
Invok: Fiery Armour      |       |     1 |     1 ||     2
       Foxfire Swarm     |       |       |     1 ||     1
  Use: Scroll            |     2 |     3 |     5 ||    10
       Potion            |     1 |     4 |     1 ||     6
Armor: Leather armour    |    17 |    44 |    12 ||    73
       Robe              |     1 |       |       ||     1
Dodge: Dodged            |    44 |   102 |    15 ||   161

Table legend: (Time is in decaauts)
 A = Elapsed time spent in this place.
 B = Non-inter-level travel time spent in this place.
 C = Inter-level travel time spent in this place.
 D = Time resting spent in this place.
 E = Time spent auto-exploring this place.
 F = Levels seen in this place.
 G = Mean time per level.
                   A        B        C        D        E       F      G
               +--------+--------+--------+--------+--------+-----+--------+
         Total |   3430 |   3353 |     77 |    501 |   1616 |   4 |  857.5 |
       Dungeon |   3430 |   3353 |     77 |    501 |   1616 |   4 |  857.5 |
               +--------+--------+--------+--------+--------+-----+--------+

Top non-repeatable levels by time:
     D:3: 1216 daAuts
     D:2: 1128 daAuts
     D:1: 574 daAuts
     D:4: 510 daAuts

Table legend:
 A = Kills in this place as a percentage of kills in entire the game.
 B = Kills by you in this place as a percentage of kills by you in the entire game.
 C = Kills by friends in this place as a percentage of kills by friends in the entire game.
 D = Other kills in this place as a percentage of other kills in the entire game.
 E = Experience gained in this place as a percentage of experience gained in the entire game.
 F = Experience gained in this place divided by the number of levels of this place that you have seen.
                   A       B       C       D       E      F
               +-------+-------+-------+-------+-------+----------------------
         Total | 100.0 | 100.0 |   N/A |   N/A | 100.0 | 163.8
       Dungeon | 100.0 | 100.0 |   N/A |   N/A | 100.0 | 163.8
               +-------+-------+-------+-------+-------+----------------------
